 Dungeon Crawl Stone Soup version 0.25.1-2-g60ff931df9 (webtiles) character file.

Game seed: 4406167245263943871

25 H0rd4k the Insei (level 3, -1/23 HPs)
             Began as an Octopode Transmuter on Aug 26, 2020.
             Slain by a hobgoblin
             ... wielding a +0 club
              (5 damage)
             ... on level 1 of the Dungeon.
             The game lasted 00:00:46 (447 turns).

H0rd4k the Insei (Octopode Transmuter)               Turns: 447, Time: 00:00:47

Health: -1/23      AC:  1    Str:  9    XL:     3   Next: 6%
Magic:  6/6        EV: 13    Int: 16    God:
Gold:   17         SH:  0    Dex: 12    Spells: 5/6 levels left

rFire    . . .     SeeInvis .     - Unarmed
rCold    . . .     Gourm    .   (no shield)
rNeg     . . .     Faith    .   (helmet restricted)
rPois    .         Spirit   .   (no amulet)
rElec    .         Reflect  .   (no ring)
rCorr    .         Harm     .   (no ring)
MR       .....                  (no ring)
Stlth    ++........             (no ring)
HPRegen  0.07/turn              (no ring)
MPRegen  0.10/turn              (no ring)
                                (no ring)
                                (no ring)

@: no status effects
A: almost no armour, stealthy swim, amphibious, 8 rings, constrict 8, camouflage
1, gelatinous body 1
a: no special abilities


You were on level 1 of the Dungeon.
You were not hungry.

You visited 1 branch of the dungeon, and saw 1 of its levels.

You collected 17 gold pieces.

Inventory:

Missiles
 a - 12 arrows
Scrolls
 e - a scroll of blinking {unknown}
Potions
 b - a potion of resistance {unknown}
Comestibles
 c - a ration
 d - 2 chunks of flesh


   Skills:
 + Level 1.0 Fighting
 + Level 2.1 Dodging
 + Level 3.4 Unarmed Combat
 * Level 2.3 Spellcasting
 * Level 2.3 Transmutations


You had 5 spell levels left.
You knew the following spells:

 Your Spells              Type           Power        Failure   Level  Hunger
a - Beastly Appendage     Tmut           #.....       8%          1    #......

Your spell library contained the following spells:

 Spells                   Type           Power        Failure   Level  Hunger
 Sticks to Snakes         Tmut           #.......     12%         2    ###....
 Spider Form              Tmut/Pois      #.........   36%         3    ###....
 Ice Form                 Ice/Tmut       #.......     77%         4    #####..
 Blade Hands              Tmut           #.........   91%         5    ######.


Dungeon Overview and Level Annotations

Branches:
Dungeon (1/15)

Altars:


Innate Abilities, Weirdness & Mutations

You cannot wear most types of armour.
You are very stealthy in the water. (Stealth+)
You are amphibious.
You can wear up to eight rings at the same time.
You can use your tentacles to constrict eight enemies at once.
Your skin changes colour to match your surroundings (Stealth+).
Your rubbery body absorbs attacks. (AC +1, EV +1)


Message History

You completely miss the hobgoblin. You tentacle-slap the hobgoblin.
You kill the hobgoblin!
The hobgoblin barely misses you. The dart slug launches a dart at you.
The slug dart hits you.
* * * LOW HITPOINT WARNING * * *
You see here a hobgoblin corpse.
The bat hits you.
* * * LOW HITPOINT WARNING * * *
The bat closely misses you.
Some of the chunks of flesh in your inventory have rotted away.
You tentacle-slap the bat.
You kill the bat!
You closely miss the hobgoblin. You grab the hobgoblin.
You constrict the hobgoblin. The hobgoblin hits you with a +0 club.
* * * LOW HITPOINT WARNING * * *
You tentacle-slap the hobgoblin.
The hobgoblin is moderately wounded.
You constrict the hobgoblin. The hobgoblin hits you with a +0 club.
You die...

................
.......!...........
...................
#.....#...........
#.........$......
##...†#..........
#..#w#..........
#..#g#..)....=..
....#@##.......#
?...##.........##
##..######....###
..........##...#
.....#
.#.......###..#...
.. ...#####.##
....# .. ..
#..######.####
##..........##
#...........#


You could see a dart slug and a hobgoblin.

Vanquished Creatures
  4 bats (D:1)
  4 goblins (D:1)
  6 hobgoblins (D:1)
  4 kobolds (D:1)
  A ball python (D:1)
  A frilled lizard (D:1)
  3 rats (D:1)
23 creatures vanquished.

Notes
Turn   | Place    | Note
-------+----------+-------------------------------------------
     0 | D:1      | H0rd4k the Octopode Transmuter began the quest for the Orb.
     0 | D:1      | Reached XP level 1. HP: 13/13 MP: 3/3
    64 | D:1      | Reached XP level 2. HP: 18/18 MP: 5/5
   436 | D:1      | Reached XP level 3. HP: 21/23 MP: 6/6
   447 | D:1      | Slain by a hobgoblin

Illustrated notes

Levels and vault maps discovered:
D:1:      dpeg_arrival_round_c, layout_rooms, minivault_24

Action                   || total
-------------------------++-------
Melee: Unarmed           ||    50
       Constrict         ||    13
       Tentacles         ||     6
       Punch             ||     1
 Stab: Sleeping          ||     2
Armor: Skin              ||     4
Dodge: Dodged            ||    40
